 Dungeon Crawl Stone Soup version 0.31-a0-202-g547052bce9 (webtiles) character file.

Game seed: 1097668669427780504

8314 qw the Markself (level 11, 0/64 (66) HPs)
             Began as a Deep Elf Hunter on June 26, 2023.
             Was a Believer of Okawaru.
             Succumbed to a kobold demonologist's poison
             ... on level 11 of the Dungeon.
             The game lasted 00:04:39 (8679 turns).

qw the Markself (Deep Elf Hunter)                   Turns: 8679, Time: 00:04:39

HP:   0/64 (66)     AC: 18    Str: 12    XL:     11   Next: 8%
MP:   0/16          EV: 20    Int: 15    God:    Okawaru [**....]
Gold: 317           SH:  0    Dex: 21    Spells: 10/10 levels left

rFire   . . .        Y - +2 orcbow
rCold   + . .        (shield currently unavailable)
rNeg    . . .        q - +3 ring mail "Trusted Companion" {Will+ Regen+ Stlth+}
rPois   .            j - +2 helmet
rElec   .            (no cloak)
rCorr   +            d - +2 pair of gloves
SInv    .            k - +1 pair of boots
Will    ++...        a - amulet of the Meadowlark {Spirit rCorr Dex+3}
Stlth   ++++         o - ring of protection from cold
HPRegen 1.10/turn    (no ring)
MPRegen 0.15/turn

%: guardian spirit
@: lethally poisoned (0 -> -3), heroic, lightly drained
A: no striking features
a: Renounce Religion, Heroism


You were on level 11 of the Dungeon.
You worshipped Okawaru.
Okawaru was pleased with you.
You visited 2 branches of the dungeon, and saw 12 of its levels.
You also visited: Sewer.

You collected 763 gold pieces.
You spent 446 gold pieces at shops.


   Skills:
 + Level 6.4(11.4) Fighting
 - Level 16.0(21.0) Ranged Weapons
 - Level 3.0(8.0) Armour
 - Level 10.2(15.2) Dodging
 - Level 1.2(6.2) Stealth
 - Level 4.1 Invocations


You had 10 spell levels left.
You didn't know any spells.
Your spell library was empty.

Inventory:

Hand Weapons
 Y - a +2 orcbow (weapon)
Armour
 d - a +2 pair of gloves (worn)
 i - a +1 ring mail of fire resistance
 j - a +2 helmet (worn)
 k - a +1 pair of boots (worn)
 q - the +3 ring mail "Trusted Companion" (worn) {Will+ Regen+ Stlth+}
   (You found it on level 7 of the Dungeon)

   Regen:     It increases your rate of health regeneration.
   Will:      It increases your willpower.
   Stlth:     It makes you more stealthy.
Jewellery
 a - the amulet of the Meadowlark (around neck) {Spirit rCorr Dex+3}
   (You acquired it on level 2 of the Dungeon)

   [amulet of guardian spirit]

   It causes incoming damage to be divided between your reserves of health and
   magic.
   Dex:       It affects your dexterity (+3).
   rCorr:     It protects you from acid and corrosion.
 b - a ring of resist corrosion
 n - a ring of resist corrosion
 o - a ring of protection from cold (left hand)
Scrolls
 c - 3 scrolls of identify
Potions
 e - 4 potions of enlightenment
 f - 2 potions of haste
 h - 7 potions of curing
 l - a potion of magic
 m - a potion of cancellation
 r - a potion of might

Dungeon Overview and Level Annotations

Branches:
Dungeon (11/15)            Temple (1/1) D:5            Lair (0/5) D:11
    Orc (0/2) D:9           Sewer (visited)

Altars:
Ashenzari
Cheibriados
Dithmenos
Elyvilon
Fedhas
Gozag
Hepliaklqana
Kikubaaqudgha
Makhleb
Nemelex Xobeh
Okawaru
Qazlal
Ru
Sif Muna
Trog
Uskayaw
Vehumet
Wu Jian
Xom
Yredelemnul
Zin
The Shining One

Shops:
D:4 (*   D:8 ?   D:9 [

Portals:
Trove: D:10 (give +3 shadow dragon scales)

Annotations:
D:3 1 runed translucent door, qw's ghost, amateur DEHu
D:9 1 runed translucent door, qw's ghost, novice DEHu


Message History

The soul eater is heavily wounded.
You feel sick.
The kobold demonologist hits you but does no damage.
You are more poisoned.
The white imp hits you but does no damage.
The cyclops throws a large rock.
The large rock completely misses you.
You shoot an arrow. The arrow hits the soul eater!
The soul eater is heavily wounded.
You feel sick.
The soul eater draws from the surrounding life force!
The soul eater is healed.
The kobold demonologist hits you but does no damage.
You are more poisoned.
The white imp misses you.
You shoot an arrow. The arrow hits the soul eater.
The soul eater is heavily wounded.
You feel very sick. The soul eater completely misses you.
The kobold demonologist hits you with a +2 dagger of venom.
8676 ||| READING scroll of teleportation.
As you read the scroll of teleportation, it crumbles to dust.
You feel strangely unstable.
You feel very sick. The white imp misses you.
The soul eater closely misses you.
The kobold demonologist hits you with a +2 dagger of venom.
You shoot an arrow. The arrow barely misses the soul eater.
You feel like a meek peon again.
You feel very sick. The white imp completely misses you.
The soul eater misses you.
8678 ||| INVOKING Heroism.
You gain the combat prowess of a mighty hero.
You feel sick.
The kobold demonologist hits you but does no damage.
The white imp gestures at you. The puff of frost misses you.
The crimson imp blinks!
The soul eater barely misses you. The cyclops hits you!
You shoot an arrow. The arrow hits the soul eater.
The soul eater is heavily wounded.
Your surroundings suddenly seem different.
You die...

.........#.........#
.....#####....###..#
.3K..#..##....#######
.5...#..#.....#.....#
.C...#..'.....'.....#
.....##'###'####...#####
...............######..#
...............)....#..#
................@...+..#
....................#..#
.....#'##............+##
.....#..#.....####.....###
.#####..#.....##...P..P..##
.# #...#.....#......PPP.P#
.# #...#.........P.PPPPPP#
.# #...#.........P....PPP#
.# ##..#.......PPPP..>.PP#


There were no monsters in sight!

Vanquished Creatures
  3 two-headed ogres
  An unseen horror (D:11)
  A komodo dragon (D:11)
  A troll (D:10)
  Prince Ribbit (D:6)
  2 shadows
  A vampire (D:11)
  2 wyverns (D:10)
  A steam dragon (D:8)
  An acid dragon (D:10)
  2 water moccasins (D:7)
  An orc warrior (D:10)
  3 black bears
  3 ice beasts
  An ogre (D:7)
  4 centaurs
  3 phantoms
  A gnoll sergeant (D:10)
  3 kobold brigands
  4 scorpions
  3 troll zombies (D:9)
  25 killer bees
  3 howler monkeys
  A jelly (D:6)
  3 hounds
  5 orc priests
  A gnoll bouda (D:6)
  6 iguanas
  3 sleepcaps
  3 orc wizards
  5 ogre zombies (D:9)
  8 gnolls
  9 adders
  A white imp (D:6)
  2 worms
  3 dart slugs
  17 orcs
  5 bats
  10 endoplasms
  6 giant cockroaches
  5 goblins
  7 hobgoblins
  3 jackals
  4 quokkas
  7 ball pythons
  4 frilled lizards
  3 goblin skeletons (D:9)
  5 goblin zombies (D:9)
  A hobgoblin skeleton (D:9)
  3 hobgoblin zombies (D:9)
  13 kobolds
  11 orc zombies (D:9)
  7 rats
231 creatures vanquished.

Vanquished Creatures (others)
  Erica (D:10)
1 creature vanquished.

Grand Total: 232 creatures vanquished

Notes
Turn   | Place    | Note
-------+----------+-------------------------------------------
     0 | D:1      | qw the Deep Elf Hunter began the quest for the Orb.
     0 | D:1      | Reached XP level 1. HP: 12/12 MP: 3/3
     0 | D:1      | 0 ||| qw: Version: 0.3-a-22-g0ed2b0b
     0 | D:1      | 0 ||| qw: Game counter: 6318
     0 | D:1      | 0 ||| qw: Melee chars always use a shield: true
     0 | D:1      | 0 ||| qw: God list: Okawaru
     0 | D:1      | 0 ||| qw: Allow faded altars: false
     0 | D:1      | 0 ||| qw: Do Orc after clearing Dungeon:15 true
     0 | D:1      | 0 ||| qw: Do second Lair branch before Depths: true
     0 | D:1      | 0 ||| qw: Lair rune preference: random
     0 | D:1      | 0 ||| qw: Goals: Normal
     0 | D:1      | 0 ||| PLANNING D:1-11
   303 | D:1      | Reached skill level 6 in Ranged Weapons
   303 | D:1      | Reached XP level 2. HP: 16/16 MP: 4/4
   834 | D:1      | 834 ||| UPGRADING to +0 pair of gloves.
   839 | D:1      | 839 ||| READING scroll labelled QETZIDI AWUSIE.
   840 | D:1      | 840 ||| READING scroll labelled OSI PUCIUFIV.
   841 | D:1      | 841 ||| READING scroll labelled AMNEAMM ZEDGHI.
   842 | D:1      | 842 ||| DRINKING 2 dark potions.
   843 | D:1      | 843 ||| DROPPING scroll of butterflies.
   869 | D:2      | 869 ||| STAIRDANCE
   898 | D:2      | 898 ||| STAIRDANCE
  1042 | D:2      | Reached XP level 3. HP: 20/20 MP: 5/5
  1053 | D:2      | Found a hide-covered altar of Uskayaw.
  1260 | D:2      | Reached skill level 7 in Ranged Weapons
  1294 | D:2      | 1294 ||| UPGRADING to +3 ring mail.
  1304 | D:2      | 1304 ||| DROPPING +0 leather armour.
  1305 | D:2      | 1305 ||| UPGRADING to +0 pair of boots.
  1310 | D:2      | 1310 ||| READING 2 scrolls labelled CEPHYZX CEAZU.
  1311 | D:2      | 1311 ||| READING scroll of enchant armour.
  1311 | D:2      | 1311 ||| ENCHANTING +0 pair of gloves.
  1312 | D:2      | 1312 ||| READING scroll labelled ZUESESSOSHE.
  1315 | D:2      | 1315 ||| READING scroll labelled ZUEMOKO PAXT.
  1316 | D:2      | 1316 ||| READING scroll labelled RIUCHO DIGIPH.
  1317 | D:2      | 1317 ||| READING scroll labelled BAPSAGH XYLL.
  1317 | D:2      | Identified a scroll of acquirement
  1317 | D:2      | 1317 ||| ACQUIRING amulet of the Meadowlark {Spirit rCorr
                  | Dex+3}
  1317 | D:2      | Acquired the amulet of the Meadowlark {Spirit rCorr Dex+3}
  1319 | D:2      | 1319 ||| UPGRADING to amulet of the Meadowlark {Spirit
                  | rCorr Dex+3}.
  1344 | D:3      | 1344 ||| PLANNING SEWER
  1409 | D:3      | Found a snail-covered altar of Cheibriados.
  1457 | D:3      | Found a faded altar of an unknown god.
  1532 | D:3      | Reached XP level 4. HP: 23/25 MP: 6/6
  1621 | D:3      | Found a stormy altar of Qazlal.
  1621 | D:3      | Found a hide-covered altar of Uskayaw.
  1655 | D:3      | Found a runed translucent door.
  1658 | D:3      | Noticed qw's ghost (amateur DEHu)
  1681 | D:3      | Found a glowing drain.
  1682 | D:3      | 1682 ||| READING scroll labelled XAHAID ARYESEZ.
  1683 | D:3      | 1683 ||| READING 2 scrolls labelled GUSSEU NYMIMI.
  1744 | Sewer    | Entered a sewer
  1795 | Sewer    | 1795 ||| Stepping ~*~*~tactically~*~*~ (water).
  1798 | Sewer    | Noticed a kobold brigand
  1802 | Sewer    | Killed a kobold brigand
  1803 | Sewer    | Reached skill level 8 in Ranged Weapons
  1803 | Sewer    | Reached XP level 5. HP: 29/29 MP: 7/7
  1814 | Sewer    | Reached skill level 9 in Ranged Weapons
  1907 | Sewer    | Found a white marble altar of Elyvilon.
  1950 | D:3      | 1950 ||| PLANNING D:1-11
  2018 | D:3      | 2018 ||| READING scroll of enchant weapon.
  2018 | D:3      | 2018 ||| ENCHANTING +1 shortbow of flaming.
  2304 | D:3      | 2304 ||| READING scroll labelled TOCSUANINI.
  2348 | D:3      | 2348 ||| READING 2 scrolls of identify.
  2348 | D:3      | 2348 ||| IDENTIFYING bubbling silvery potion
  2378 | D:4      | Reached XP level 6. HP: 35/35 MP: 8/8
  2425 | D:4      | Found Ineizog's Antique Weapon Emporium.
  2506 | D:4      | Reached skill level 3 in Dodging
  2585 | D:4      | Reached skill level 1 in Armour
  2679 | D:4      | Found a radiant altar of Vehumet.
  2700 | D:4      | Found Foblot's General Store.
  2706 | D:4      | 2706 ||| SHOPLISTING +5 ring of evasion (396 gold, have
                  | 156).
  2706 | D:4      | 2706 ||| BUYING potion of cancellation (88 gold).
  2706 | D:4      | Bought a potion of cancellation for 88 gold pieces
  2706 | D:4      | 2706 ||| BUYING scroll of identify (22 gold).
  2706 | D:4      | Bought a scroll of identify for 22 gold pieces
  2706 | D:4      | 2706 ||| BUYING scroll of teleportation (33 gold).
  2706 | D:4      | Bought a scroll of teleportation for 33 gold pieces
  2860 | D:4      | Reached skill level 10 in Ranged Weapons
  2959 | D:4      | Reached XP level 7. HP: 40/40 MP: 9/9
  3059 | D:4      | 3059 ||| DROPPING +1 scale mail of cold resistance.
  3060 | D:4      | 3060 ||| READING scroll labelled ZEOL FI SIA.
  3061 | D:4      | 3061 ||| DRINKING 2 fuming orange potions.
  3062 | D:4      | 3062 ||| READING 2 scrolls of identify.
  3062 | D:4      | 3062 ||| IDENTIFYING fuming silvery potion
  3063 | D:4      | 3063 ||| DROPPING potion of attraction.
  3064 | D:4      | 3064 ||| DROPPING potion of magic.
  3081 | D:5      | Entered Level 5 of the Dungeon
  3197 | D:5      | Found a staircase to the Ecumenical Temple.
  3198 | D:5      | 3198 ||| PLANNING TEMPLE
  3203 | Temple   | Entered the Ecumenical Temple
  3255 | Temple   | 3255 ||| PLANNING OKAWARU WORSHIP
  3274 | Temple   | Became a worshipper of Warmaster Okawaru
  3275 | Temple   | 3275 ||| PLANNING D:1-11
  3384 | D:5      | Reached skill level 11 in Ranged Weapons
  3623 | D:5      | Reached * piety under Okawaru
  3624 | D:5      | Reached XP level 8. HP: 44/44 MP: 10/10
  3667 | D:5      | Reached skill level 12 in Ranged Weapons
  3667 | D:5      | Reached skill level 1 in Invocations
  3789 | D:5      | 3789 ||| UPGRADING to +1 ring mail of fire resistance.
  3799 | D:5      | 3799 ||| READING 3 scrolls of identify.
  3799 | D:5      | 3799 ||| IDENTIFYING fuming ruby potion
  3800 | D:5      | 3800 ||| READING 2 scrolls of identify.
  3800 | D:5      | 3800 ||| IDENTIFYING murky purple potion
  3801 | D:5      | 3801 ||| DROPPING potion of lignification.
  3802 | D:5      | 3802 ||| DROPPING potion of brilliance.
  3867 | D:6      | 3867 ||| READING scroll of enchant armour.
  3867 | D:6      | 3867 ||| ENCHANTING +1 pair of gloves.
  3980 | D:6      | Found an opulent altar of Gozag.
  3989 | D:6      | Noticed Prince Ribbit
  3990 | D:6      | 3990 ||| INVOKING Heroism.
  3992 | D:6      | 3992 ||| INVOKING Heroism.
  4004 | D:6      | Killed Prince Ribbit
  4005 | D:6      | Reached skill level 3 in Fighting
  4005 | D:6      | Reached skill level 3 in Invocations
  4086 | D:6      | 4086 ||| INVOKING Heroism.
  4087 | D:6      | 4087 ||| Stepping ~*~*~tactically~*~*~ (outnumbered).
  4209 | D:6      | 4209 ||| INVOKING Heroism.
  4370 | D:6      | Found an ornate altar of the Wu Jian Council.
  4520 | D:6      | 4520 ||| READING 5 scrolls of identify.
  4520 | D:6      | 4520 ||| IDENTIFYING grey potion
  4521 | D:6      | 4521 ||| DROPPING potion of invisibility.
  4603 | D:7      | Reached skill level 13 in Ranged Weapons
  4658 | D:7      | 4658 ||| INVOKING Heroism.
  4696 | D:7      | 4696 ||| INVOKING Heroism.
  4698 | D:7      | Reached XP level 9. HP: 20/50 MP: 5/14
  4701 | D:7      | HP: 12/50 [killer bee (3)]
  4702 | D:7      | 4702 ||| READING 4 scrolls of teleportation.
  4706 | D:7      | HP: 7/50 [poisoned by a killer bee]
  4908 | D:7      | 4908 ||| READING scroll of enchant armour.
  4908 | D:7      | 4908 ||| ENCHANTING +0 pair of boots.
  4950 | D:7      | 4950 ||| INVOKING Heroism.
  4956 | D:7      | Reached skill level 14 in Ranged Weapons
  5083 | D:7      | 5083 ||| SWAPPING to +0 orcbow.
  5084 | D:7      | 5084 ||| DROPPING +2 shortbow of flaming.
  5115 | D:7      | Identified the +3 ring mail "Trusted Companion" {Will+
                  | Regen+ Stlth+}
  5233 | D:7      | Noticed a two-headed ogre
  5234 | D:7      | 5234 ||| INVOKING Heroism.
  5244 | D:7      | Killed a two-headed ogre
  5245 | D:7      | Reached skill level 15 in Ranged Weapons
  5278 | D:7      | 5278 ||| INVOKING Heroism.
  5287 | D:7      | Reached skill level 6 in Dodging
  5304 | D:7      | 5304 ||| READING scroll of enchant weapon.
  5304 | D:7      | 5304 ||| ENCHANTING +0 orcbow.
  5459 | D:7      | 5459 ||| INVOKING Heroism.
  5545 | D:7      | 5545 ||| DROPPING +3 ring mail.
  5546 | D:7      | 5546 ||| UPGRADING to +3 ring mail "Trusted Companion"
                  | {Will+ Regen+ Stlth+}.
  5556 | D:7      | 5556 ||| UPGRADING to ring of protection from cold.
  5557 | D:7      | 5557 ||| READING scroll labelled XUCZUO DEWNA.
  5558 | D:7      | 5558 ||| READING 4 scrolls of identify.
  5558 | D:7      | 5558 ||| IDENTIFYING bubbling blue potion
  5569 | D:8      | 5569 ||| INVOKING Heroism.
  5588 | D:8      | Found Gaufam's Magic Scroll Boutique.
  5626 | D:8      | 5626 ||| INVOKING Heroism.
  5631 | D:8      | 5631 ||| Stepping ~*~*~tactically~*~*~ (cloud).
  5994 | D:8      | 5994 ||| INVOKING Heroism.
  6071 | D:8      | Found a basalt altar of Yredelemnul.
  6078 | D:8      | 6078 ||| READING scroll labelled LIEWNO BERGHI.
  6080 | D:8      | 6080 ||| Stepping ~*~*~tactically~*~*~ (cloud).
  6180 | D:9      | 6180 ||| INVOKING Heroism.
  6188 | D:9      | HP: 13/52 [poisoned by a killer bee]
  6189 | D:9      | 6189 ||| READING 3 scrolls of teleportation.
  6193 | D:9      | HP: 11/52 [poisoned by a killer bee]
  6204 | D:9      | 6204 ||| INVOKING Heroism.
  6216 | D:9      | Reached skill level 16 in Ranged Weapons
  6218 | D:9      | Reached XP level 10. HP: 35/56 MP: 6/15
  6328 | D:9      | 6328 ||| READING 4 scrolls of identify.
  6328 | D:9      | 6328 ||| IDENTIFYING coppery potion
  6329 | D:9      | 6329 ||| DROPPING potion of ambrosia.
  6514 | D:9      | Found Ittyurgh's Antique Armour Shoppe.
  6525 | D:9      | 6525 ||| BUYING helmet (117 gold).
  6525 | D:9      | Bought a helmet for 117 gold pieces
  6525 | D:9      | 6525 ||| SHOPLISTING ice dragon scales (1560 gold, have
                  | 167).
  6525 | D:9      | 6525 ||| SHOPLISTING runed ring mail (182 gold, have 167).
  6608 | D:9      | Noticed a two-headed ogre
  6609 | D:9      | 6609 ||| INVOKING Heroism.
  6614 | D:9      | Killed a two-headed ogre
  6638 | D:9      | Found a staircase to the Orcish Mines.
  6685 | D:9      | Reached ** piety under Okawaru
  6690 | D:9      | 6690 ||| INVOKING Heroism.
  6755 | D:9      | Found a runed translucent door.
  6756 | D:9      | Noticed qw's ghost (novice DEHu)
  6794 | D:9      | 6794 ||| UPGRADING to +0 helmet.
  6799 | D:9      | 6799 ||| READING 3 scrolls of identify.
  6799 | D:9      | 6799 ||| IDENTIFYING bubbling sapphire potion
  6800 | D:9      | 6800 ||| DROPPING potion of berserk rage.
  6808 | D:8      | 6808 ||| BUYING scroll of enchant armour (82 gold).
  6808 | D:8      | Bought a scroll of enchant armour for 82 gold pieces
  6808 | D:8      | 6808 ||| BUYING scroll of enchant armour (82 gold).
  6808 | D:8      | Bought a scroll of enchant armour for 82 gold pieces
  6808 | D:8      | 6808 ||| BUYING scroll of identify (22 gold).
  6808 | D:8      | Bought a scroll of identify for 22 gold pieces
  6808 | D:8      | 6808 ||| SHOPLISTING scroll of teleportation (33 gold, have
                  | 9).
  6808 | D:8      | 6808 ||| READING 2 scrolls of enchant armour.
  6808 | D:8      | 6808 ||| ENCHANTING +0 helmet.
  6809 | D:8      | 6809 ||| READING scroll of enchant armour.
  6809 | D:8      | 6809 ||| ENCHANTING +1 helmet.
  6810 | D:8      | 6810 ||| Stepping randomly (stuck).
  6885 | D:9      | Found a sacrificial altar of Ru.
  7265 | D:10     | Entered Level 10 of the Dungeon
  7272 | D:10     | 7272 ||| INVOKING Heroism.
  7275 | D:10     | 7275 ||| Stepping ~*~*~tactically~*~*~ (outnumbered).
  7279 | D:10     | 7279 ||| Stepping ~*~*~tactically~*~*~ (outnumbered).
  7312 | D:10     | 7312 ||| Stepping ~*~*~tactically~*~*~ (outnumbered).
  7324 | D:10     | 7324 ||| INVOKING Heroism.
  7337 | D:10     | HP: 14/59 [gnoll/+0 halberd[a gnoll sergeant] (2)]
  7338 | D:10     | 7338 ||| READING 2 scrolls of teleportation.
  7437 | D:10     | Found a portal to a secret trove of treasure.
  7460 | D:10     | Reached skill level 3 in Armour
  7716 | D:10     | 7716 ||| READING scroll of enchant weapon.
  7716 | D:10     | 7716 ||| ENCHANTING +1 orcbow.
  7753 | D:10     | Noticed Erica
  7754 | D:10     | 7754 ||| INVOKING Heroism.
  7762 | D:10     | Killed Erica
  7763 | D:10     | Reached skill level 9 in Dodging
  8086 | D:10     | 8086 ||| INVOKING Heroism.
  8229 | D:11     | Reached skill level 6 in Fighting
  8353 | D:11     | Noticed a two-headed ogre
  8354 | D:11     | 8354 ||| INVOKING Heroism.
  8358 | D:11     | Killed a two-headed ogre
  8359 | D:11     | Reached XP level 11. HP: 27/64 MP: 4/16
  8620 | D:11     | Found a staircase to the Lair.
  8637 | D:11     | 8637 ||| FLEEEEING.
  8638 | D:11     | 8638 ||| FLEEEEING.
  8639 | D:11     | 8639 ||| FLEEEEING.
  8644 | D:11     | 8644 ||| FLEEEEING.
  8645 | D:11     | 8645 ||| FLEEEEING.
  8646 | D:11     | 8646 ||| FLEEEEING.
  8647 | D:11     | 8647 ||| FLEEEEING.
  8648 | D:11     | 8648 ||| FLEEEEING.
  8649 | D:11     | 8649 ||| FLEEEEING.
  8649 | D:11     | Noticed a soul eater
  8650 | D:11     | Noticed a sun demon
  8650 | D:11     | 8650 ||| INVOKING Heroism.
  8675 | D:11     | HP: 15/64 [poisoned by a kobold demonologist]
  8676 | D:11     | 8676 ||| READING scroll of teleportation.
  8677 | D:11     | HP: 6/64 [poisoned by a kobold demonologist]
  8678 | D:11     | 8678 ||| INVOKING Heroism.
  8678 | D:11     | HP: 1/64 [cyclops (4)]
  8679 | D:11     | Succumbed to a kobold demonologist's poison

Levels and vault maps discovered:
D:1:      lemuel_arrival_broad_hall, layout_loops_corners, reono_crystal_passage
D:2:      layout_rooms, basic_altar, st_stairs_14
D:3:      layout_basic, lemuel_crystal_altar, gammafunk_temple_overflow_statue,
          ebering_ghost_reflecting_pool, ebering_ecumenical_altar_box,
          gup_sewer_entry_glass, grunt_ministairs_6, kennysheep_generic_room_9
D:4:      black_bear_nest_2, layout_loops_ring, nicolae_vehumet_altar_sigil,
          serial_shops, nicolae_shop_hallway_plus, nicolae_shop_gibbet_a_chance
D:5:      layout_loops_ring, minmay_temple_entry_waves
D:6:      layout_basic, lemuel_tele_altar, nicolae_wu_jian_immortal_techniques,
          uniq_prince_ribbit1
D:7:      layout_basic
D:8:      layout_cave_pools, lemuel_coloured_pillars_altar, serial_shops,
          nicolae_take_the_stairs
D:9:      layout_rooms, nicolae_ru_path_of_blood, zombieorc2_lemuel,
          serial_shops, shop, ebering_ghost_reflecting_pool
D:10:     layout_cave_pods, enter_trove_6, uniq_erica
D:11:     layout_gridville, david_lair_shrubbed, lightli_orcish_oven
Temple:   compressed_dpeg_circular_temple

Skill      XL: |  1  2  3  4  5  6  7  8  9 10 |
---------------+-------------------------------+-----
Ranged Weapons | 6 7 8 9 10 11 13 16 | 16.0
Fighting       | 2 3 4 6 |  6.4
Dodging        | 3 4 5 6 10 | 10.2
Armour         | 1 3 |  3.0
Invocations    | 4 |  4.1
Stealth        | |  1.2

Action                     |  1- 3 |  4- 6 |  7- 9 | 10-12 || total
---------------------------+-------+-------+-------+-------++-------
   Fire: Shortbow          |    96 |   110 |   207 |       ||   413
         Orcbow            |       |       |   117 |   295 ||   412
 Invoke: Heroism           |       |       |    14 |     9 ||    23
    Use: Scroll            |     9 |     5 |    13 |     7 ||    34
         Potion            |     1 |       |     1 |       ||     2
 Armour: Leather armour    |     5 |       |       |       ||     5
         Ring mail         |     7 |    21 |    53 |    70 ||   151
  Dodge: Dodged            |    21 |    25 |   117 |   151 ||   314

Table legend:
 A = Non-vault XP
 B = Vault XP
 C = Vault XP percentage of total XP
 D = Non-vault monster count
 E = Vault monster count
 F = Vault count percentage of total count
                 A         B        C        D         E       F
            +---------+---------+-------+---------+---------+-------
      Total |    9652 |    2226 |  18.7 |     175 |      57 |  24.6
            +---------+---------+-------+---------+---------+-------
        D:1 |      30 |       0 |   0.0 |      16 |       0 |   0.0
        D:2 |      39 |       1 |   2.5 |      16 |       1 |   5.9
        D:3 |      42 |      39 |  48.1 |      17 |       8 |  32.0
        D:4 |     331 |     133 |  28.7 |      15 |       1 |   6.2
        D:5 |     799 |       0 |   0.0 |      19 |       0 |   0.0
        D:6 |     424 |     259 |  37.9 |      13 |       1 |   7.1
        D:7 |    2172 |       0 |   0.0 |      23 |       0 |   0.0
        D:8 |     455 |       0 |   0.0 |      10 |       0 |   0.0
        D:9 |    1802 |     697 |  27.9 |      15 |      34 |  69.4
       D:10 |    1642 |     551 |  25.1 |      17 |       1 |   5.6
       D:11 |    1916 |     343 |  15.2 |      14 |       1 |   6.7
      Sewer |       0 |     203 | 100.0 |       0 |      10 | 100.0
            +---------+---------+-------+---------+---------+-------
